[Event "Titled Tuesday Blitz May 03 Early 2022"]
[White "Yurovskykh, Oleksandr"]
[Black "Tristan, Leonardo"]
[WhiteFideId "14134020"]
[BlackFideId "113816"]
[WhiteElo "2292"]
[BlackElo "2404"]
[Result "1-0"]
[Round "04"]
[TimeControl "180+1"]
[Date "2022.05.03"]
[WhiteClock "0:00:16"]
[BlackClock "0:00:03"]

1. d4 d5 2. Bf4 Nf6 3. e3 e6 4. Nd2 Bd6 5. Bg3 O-O 6. Ngf3 c5 7. c3 Qc7 8. dxc5 Qxc5 9. Bd3 Bxg3 10. hxg3 h6 11. Qe2 Nc6 12. e4 e5 13. O-O dxe4 14. Nxe4 Nxe4 15. Qxe4 f5 16. Qc4+ Qxc4 17. Bxc4+ Kh7 18. Rad1 e4 19. Nd4 Ne5 20. Be2 Bd7 21. Rd2 Rac8 22. Rfd1 Ba4 23. b3 Bd7 24. c4 b6 25. Nc2 Be6 26. Ne3 Rf6 27. Rd6 Rcf8 28. Nd5 Bxd5 29. Rxf6 Rxf6 30. Rxd5 Re6 31. f4 exf3 32. gxf3 Kg6 33. Kf2 Kf6 34. c5 Rc6 35. cxb6 axb6 36. f4 Ng4+ 37. Bxg4 fxg4 38. a4 Rc2+ 39. Kf1 Rc3 40. Rb5 Rxg3 41. Rxb6+ Kf5 42. a5 Kxf4 43. a6 Rf3+ 44. Kg2 Rg3+ 45. Kf2 Rf3+ 46. Ke2 Re3+ 47. Kd2 Re8 48. a7 Ra8 49. Rb7 g5 50. b4 g3 51. Ke2 h5 52. b5 h4 53. b6 h3 54. Rh7 g2 55. Kf2 Rf8 56. Rxh3 g4 57. Rb3 1-0


[Site "https://www.chess.com"]

[Event "Titled Tuesday Blitz May 03 Early 2022"]
[White "Zainullina, Nataliya"]
[Black "Jaskolka, Tomasz"]
[WhiteFideId "4145488"]
[BlackFideId "1170791"]
[WhiteElo "2065"]
[BlackElo "2073"]
[Result "0-1"]
[Round "04"]
[TimeControl "180+1"]
[Date "2022.05.03"]
[WhiteClock "0:02:18"]
[BlackClock "0:01:48"]

1. Nf3 Nf6 2. c4 e6 3. g3 d5 4. d4 Be7 5. Bg2 c6 6. O-O O-O 7. Nbd2 b6 8. b3 Bb7 9. Bb2 Nbd7 10. Qc2 dxc4 11. bxc4 c5 12. e4 cxd4 13. e5 Ng4 14. Bxd4 Rc8 15. Rfe1 Nc5 16. Nb3 Nxb3 17. axb3 Bxf3 18. Bxf3 Qxd4 19. Rad1 Nxe5 20. Rxd4 Nxf3+ 21. Kg2 Nxe1+ 22. Kf1 Nxc2 0-1


[Site "https://www.chess.com"]

[Event "Titled Tuesday Blitz May 03 Early 2022"]
[White "Zanette, Edgard Vinicius"]
[Black "Saldano Dayer, Horacio"]
[WhiteFideId "2109263"]
[BlackFideId "103411"]
[WhiteElo "2182"]
[BlackElo "2419"]
[Result "0-1"]
[Round "04"]
[TimeControl "180+1"]
[Date "2022.05.03"]
[WhiteClock "0:00:14"]
[BlackClock "0:00:08"]

1. e4 e6 2. d4 d5 3. Nc3 Bb4 4. e5 c5 5. Bd2 Ne7 6. Nb5 Bxd2+ 7. Qxd2 O-O 8. f4 Nbc6 9. dxc5 f6 10. Nf3 fxe5 11. fxe5 Ng6 12. O-O-O Ngxe5 13. Nxe5 Nxe5 14. Be2 Bd7 15. Qe3 Ng6 16. Nd6 Qa5 17. a3 Qc7 18. Nb5 Qf4 19. Qd2 Bxb5 20. Bxb5 Rac8 21. b4 Qe5 22. Qd4 Rc7 23. Qxe5 Nxe5 24. Rhe1 Rf5 25. Rd2 a6 26. Rde2 axb5 27. Rxe5 Rxe5 28. Rxe5 Kf7 29. Kd2 Kf6 30. Re3 e5 31. Rh3 h6 32. a4 bxa4 33. Ra3 b5 34. cxb6 Rb7 35. Rxa4 Rxb6 36. Kc3 d4+ 37. Kc4 Rc6+ 38. Kd5 Rxc2 39. Ra3 Rb2 40. Rf3+ Ke7 41. Kxe5 Rxb4 42. Rd3 Rb2 43. g4 Rxh2 44. Rxd4 Rf2 45. Ra4 Rf6 46. Ra7+ Kf8 47. Ra8+ Kf7 48. Ra7+ Kg6 49. Ra8 Kg5 50. Ra4 g6 51. Rb4 Rf8 52. Rd4 Re8+ 53. Kd6 Rf8 54. Ke7 Rf1 55. Ke6 Rf4 56. Rd5+ Kxg4 57. Rd1 g5 58. Rh1 h5 59. Ke5 Rf3 60. Ke4 Rg3 61. Rb1 h4 62. Rh1 h3 63. Ke5 Rg2 64. Kf6 Kg3 65. Kxg5 h2 66. Kh5 Rg1 67. Rxh2 Kxh2 68. Kh6 Kh3 69. Kh5 Ra1 70. Kh6 Ra5 71. Kg6 Kg4 72. Kf6 Kf4 73. Ke6 Ke4 74. Kd6 Kd4 75. Ke6 Rd5 76. Kf6 Re5 77. Kg6 Ke4 78. Kf6 Kf4 79. Kf7 Kf5 80. Kg7 Re6 81. Kf8 Kf6 82. Kg8 Re7 83. Kf8 Re6 84. Kg8 Re7 85. Kf8 Ra7 86. Ke8 Re7+ 87. Kd8 Ke6 88. Kc8 Kd6 89. Kd8 Ke6 90. Kc8 Rd7 91. Kb8 Kd6 92. Ka8 Kc6 93. Kb8 Rc7 94. Ka8 Kb6 95. Kb8 Rc6 96. Ka8 Rc8# 0-1


[Site "https://www.chess.com"]

[Event "Titled Tuesday Blitz May 03 Early 2022"]
[White "Zemlyanskii, Ivan"]
[Black "Odegov, Artem"]
[WhiteFideId "24249971"]
[BlackFideId "34183644"]
[WhiteElo "1759"]
[BlackElo "2286"]
[Result "1-0"]
[Round "04"]
[TimeControl "180+1"]
[Date "2022.05.03"]
[WhiteClock "0:00:09"]
[BlackClock "0:00:06"]

1. d4 Nf6 2. c4 e6 3. Nf3 d5 4. e3 Be7 5. b3 O-O 6. Bd3 b6 7. O-O Bb7 8. Bb2 Nbd7 9. Nc3 c5 10. cxd5 Nxd5 11. Nxd5 Bxd5 12. Qe2 cxd4 13. Nxd4 Nc5 14. Bc2 f5 15. Rfd1 Qe8 16. Nxf5 Bf6 17. Bxf6 Rxf6 18. Ng3 Qf7 19. b4 Nd7 20. f4 Rf8 21. e4 Bb7 22. f5 Qe7 23. Bb3 Kh8 24. fxe6 Ne5 25. Nf5 Qxb4 26. e7 Re8 27. Rd8 Bc6 28. Rad1 h6 29. Rxe8+ Bxe8 30. Rd8 Qc5+ 31. Kh1 Qc1+ 32. Bd1 Qc6 33. h3 Kh7 34. Bb3 Bf7 35. Bxf7 Nxf7 36. e8=Q Nxd8 37. Qxc6 Nxc6 38. Ne3 Nd4 39. Qd3 Ne6 40. e5+ Rg6 41. Nd5 h5 42. Ne7 Nf4 43. Qf5 Kh6 44. Qxf4+ Rg5 45. h4 Kh7 46. Qxg5 1-0


[Site "https://www.chess.com"]

[Event "Titled Tuesday Blitz May 03 Early 2022"]
[White "Zhao, Jun"]
[Black "Zhu, Jiner"]
[WhiteFideId "8602522"]
[BlackFideId "8608059"]
[WhiteElo "2547"]
[BlackElo "2281"]
[Result "1/2-1/2"]
[Round "04"]
[TimeControl "180+1"]
[Date "2022.05.03"]
[WhiteClock "0:00:37"]
[BlackClock "0:00:22"]

1. d4 Nf6 2. Bf4 d5 3. e3 e6 4. Nf3 Bd6 5. Nbd2 O-O 6. Bd3 c5 7. c3 Bxf4 8. exf4 Qc7 9. g3 b6 10. Qe2 a5 11. O-O Ba6 12. Rfe1 Bxd3 13. Qxd3 Nc6 14. a4 Rac8 15. Kg2 cxd4 16. Nxd4 Nxd4 17. Qxd4 Qc5 18. Qd3 g6 19. Re2 Kg7 20. h3 h5 21. h4 Rfd8 22. Nf3 Ne4 23. Nd4 Qc4 24. Qe3 Kh7 25. Ree1 Re8 26. Nf3 Qc5 27. Nd4 Nd6 28. Qd3 Qc4 29. Qe3 Nf5 30. Nxf5 exf5 31. Qxe8 Rxe8 32. Rxe8 d4 33. cxd4 Qxd4 34. Re7 Qxb2 35. Rd1 Qb3 36. Rdd7 Kg7 37. Rb7 Kf6 38. Rec7 Kg7 39. Kh2 Qa2 40. Kg1 Qb1+ 41. Kg2 Qb3 42. Rd7 Qe6 43. Kh2 Qa2 44. Kg1 Qb1+ 45. Kg2 Qb3 46. Rd6 Qxa4 47. Rdxb6 Qc4 48. Ra7 Qd5+ 49. Kg1 Qd1+ 50. Kg2 Qd5+ 51. Kg1 Qd1+ 52. Kg2 Qd5+ 1/2-1/2


[Site "https://www.chess.com"]

[Event "Titled Tuesday Blitz May 03 Early 2022"]
[White "Zia, Tahsin Tajwar"]
[Black "Zaksaite, Salomeja"]
[WhiteFideId "10211888"]
[BlackFideId "12801496"]
[WhiteElo "1800"]
[BlackElo "1953"]
[Result "1-0"]
[Round "04"]
[TimeControl "180+1"]
[Date "2022.05.03"]
[WhiteClock "0:00:12"]
[BlackClock "0:00:26"]

1. Nf3 Nf6 2. b3 d6 3. Bb2 e5 4. e3 Be7 5. d4 exd4 6. Nxd4 O-O 7. Bd3 b6 8. O-O Re8 9. Qf3 d5 10. Nd2 c5 11. Nf5 Bf8 12. Nh6+ gxh6 13. Bxf6 Qd7 14. h3 Bd6 15. e4 Nc6 16. exd5 Ne5 17. Bxe5 Bxe5 18. Rae1 Bb7 19. c4 Kh8 20. Ne4 Bd4 21. Nf6 Bxf6 22. Qxf6+ Kg8 23. Bf5 Qc7 24. Qxh6 f6 25. Be6+ Kh8 26. Qxf6+ Qg7 27. Qxg7+ Kxg7 28. f4 b5 29. f5 Kf6 30. g4 h6 31. Bd7 Rxe1 32. Rxe1 bxc4 33. bxc4 h5 34. Kg2 hxg4 35. hxg4 Rg8 36. Kg3 Rg7 37. Re6+ Kg5 38. Be8 Bc8 39. Rc6 Bd7 40. Bxd7 Rxd7 41. Rg6# 1-0


[Site "https://www.chess.com"]

[Event "Titled Tuesday Blitz May 03 Early 2022"]
[White "Zlatin, Alexander"]
[Black "Antonio, Jorge Carlos"]
[WhiteFideId "2810549"]
[BlackFideId "113190"]
[WhiteElo "2228"]
[BlackElo "2247"]
[Result "1-0"]
[Round "04"]
[TimeControl "180+1"]
[Date "2022.05.03"]
[WhiteClock "0:01:37"]
[BlackClock "0:00:48"]

1. d4 d5 2. Nc3 c6 3. Bf4 Bf5 4. e3 e6 5. f3 Nf6 6. g4 Bg6 7. h4 h6 8. Bd3 Bxd3 9. Qxd3 c5 10. Nb5 Na6 11. c3 Be7 12. Ne2 c4 13. Qd2 Kf8 14. a4 Ne8 15. Bg3 Nac7 16. Nxc7 Nxc7 17. e4 Bd6 18. e5 Be7 19. f4 Qd7 20. Kf2 g6 21. Kg2 Kg7 22. Rhf1 Qd8 23. Qe1 h5 24. f5 hxg4 25. f6+ Bxf6 26. exf6+ Kg8 27. Qd2 Ne8 28. Qf4 Nd6 29. Qxd6 1-0


[Site "https://www.chess.com"]

[Event "Titled Tuesday Blitz May 03 Early 2022"]
[White "Aaditya Dhingra"]
[Black "Csonka, Balazs"]
[WhiteFideId "25678191"]
[BlackFideId "742910"]
[WhiteElo "2543"]
[BlackElo "2682"]
[Result "1/2-1/2"]
[Round "05"]
[TimeControl "180+1"]
[Date "2022.05.03"]
[WhiteClock "0:00:37"]
[BlackClock "0:00:04"]

1. d4 d5 2. Nf3 e6 3. c4 Nf6 4. Nc3 c5 5. cxd5 Nxd5 6. e4 Nxc3 7. bxc3 cxd4 8. cxd4 Bb4+ 9. Bd2 Bxd2+ 10. Qxd2 O-O 11. Bc4 b6 12. O-O Bb7 13. Rfe1 Nd7 14. Rac1 Rc8 15. Qf4 Nf6 16. e5 Nd5 17. Qe4 Qe7 18. Bd3 g6 19. Qg4 Nb4 20. Bb1 Bxf3 21. Qxf3 Rxc1 22. Rxc1 Rd8 23. Qc3 Nd5 24. Qd2 Qb4 25. Qg5 Qe7 26. Qd2 Qb4 27. Qg5 Rf8 28. h4 Qxd4 29. h5 Qf4 30. Qxf4 Nxf4 31. Rc7 Nxh5 32. g3 Rd8 33. Be4 Rd4 34. Bf3 Ra4 35. Bc6 Rc4 36. Kf1 b5 37. Ke2 b4 38. Kd3 Rc3+ 39. Kd4 a5 40. Rc8+ Kg7 41. Bd7 Rxc8 42. Bxc8 f6 43. Bxe6 fxe5+ 44. Kxe5 Nf6 45. Kd4 a4 46. Kc5 b3 47. axb3 axb3 48. Bxb3 Ne4+ 49. Kd4 Nxf2 50. Ke3 Ng4+ 51. Kf4 Nf6 52. g4 Nd7 53. g5 Nc5 54. Bc4 Nd7 55. Bb5 Nb6 56. Ke4 Kf7 57. Ke5 Ke7 58. Bd3 Nd7+ 59. Kf4 Kd6 60. Bc4 Nf8 61. Bd3 Ke6 62. Kg4 Ke5 63. Bc4 Ne6 64. Bb3 Kd6 65. Ba2 Ke5 66. Bb3 Nf8 67. Ba2 Ke4 68. Bb3 Nd7 69. Bg8 Ne5+ 70. Kg3 Kf5 71. Bxh7 Kxg5 72. Bxg6 1/2-1/2


[Site "https://www.chess.com"]

[Event "Titled Tuesday Blitz May 03 Early 2022"]
[White "Aldokhin, Ivan"]
[Black "Sztokbant, Bernardo Vainzoff"]
[WhiteFideId "24115720"]
[BlackFideId "2115956"]
[WhiteElo "2231"]
[BlackElo "2225"]
[Result "1-0"]
[Round "05"]
[TimeControl "180+1"]
[Date "2022.05.03"]
[WhiteClock "0:00:03"]
[BlackClock "0:00:02"]

1. e4 e5 2. Nf3 Nc6 3. Bb5 Nf6 4. O-O Nxe4 5. Re1 Nd6 6. Bxc6 dxc6 7. Nxe5 Be7 8. b3 O-O 9. Bb2 Nf5 10. Nc3 Nd4 11. Ne2 c5 12. Nxd4 cxd4 13. Qf3 c6 14. Re4 Bc5 15. Qf4 Be6 16. Bxd4 Bxd4 17. Rxd4 Qe7 18. Re1 Rad8 19. Rxd8 Rxd8 20. Nd3 h6 21. h3 Qa3 22. Qc7 Rf8 23. Qxb7 Qxa2 24. Qxc6 Rc8 25. Qxc8+ Bxc8 26. Re8+ Kh7 27. Rxc8 Qb1+ 28. Kh2 Qd1 29. b4 Qxd2 30. Rc5 g6 31. Kg3 h5 32. h4 Kg7 33. Kh3 Qe2 34. Kh2 Qe7 35. g3 Qf6 36. Kg2 Qe6 37. Kf1 Qe4 38. Rc7 Qh1+ 39. Ke2 Qe4+ 40. Kd2 Qd4 41. Rc5 Qe4 42. Kc1 Qd4 43. Kb1 Qe4 44. Rc7 Qd4 45. Rc5 Qe4 46. Ra5 Qd4 47. Ra3 Qc4 48. Rxa7 Qd4 49. Rc7 Kg8 50. Rc8+ Kg7 51. Rc5 Kg8 52. b5 Qe4 53. Kb2 Qh1 54. Kb3 Qe4 55. Kc3 Qe6 56. Kb4 Qe4+ 57. Rc4 Qe7+ 58. Kb3 1-0


[Site "https://www.chess.com"]

[Event "Titled Tuesday Blitz May 03 Early 2022"]
[White "Al-Tarboush, Ward"]
[Black "Itkis, Boris"]
[WhiteFideId "7601450"]
[BlackFideId "1209167"]
[WhiteElo "2276"]
[BlackElo "2207"]
[Result "1-0"]
[Round "05"]
[TimeControl "180+1"]
[Date "2022.05.03"]
[WhiteClock "0:00:05"]
[BlackClock "0:00:12"]

1. e4 c6 2. Nf3 d5 3. Nc3 dxe4 4. Nxe4 Bg4 5. h3 Bxf3 6. Qxf3 e6 7. Be2 Nd7 8. d4 Ngf6 9. O-O Nxe4 10. Qxe4 Nf6 11. Qh4 Be7 12. c3 Qc7 13. Bf4 Bd6 14. Bg5 Be7 15. Rfe1 O-O-O 16. a4 h6 17. Bf4 Bd6 18. Bxd6 Qxd6 19. a5 g5 20. Qg3 Nd5 21. Qf3 Qf4 22. Qd3 h5 23. a6 b6 24. Qc4 Kc7 25. b4 g4 26. b5 Rd6 27. g3 Qd2 28. hxg4 hxg4 29. Bxg4 Qxc3 30. Qxc3 Nxc3 31. bxc6 Rxc6 32. Bf3 Rc4 33. Rac1 Rc8 34. Kg2 Kd6 35. Re3 Nd5 36. Bxd5 Rxc1 37. Bb7 R8c3 38. Re4 Rd3 39. Rf4 Ke7 40. Rh4 Rc4 41. Rh8 Rcxd4 42. Ra8 Ra4 43. Rxa7 Kf6 44. Ra8 Ra2 45. Rc8 Rda3 46. Rc4 Rb2 47. Rf4+ Ke7 48. g4 b5 49. g5 b4 50. Rc4 b3 51. Rb4 Raa2 52. Kg3 Rb1 53. Be4 Rba1 54. Rxb3 Rxa6 55. Re3 R1a3 56. Bd3 Rd6 57. Be2 Rxe3+ 58. fxe3 Kf8 59. Kf4 Kg7 60. Bh5 Rd2 61. Bf3 Rb2 62. Be4 Ra2 63. Bd3 Ra1 64. Ke4 Rg1 65. Kf4 e5+ 66. Kxe5 Rxg5+ 67. Kf4 Ra5 68. Kg4 Kf6 69. Kf4 Ra4+ 70. Kf3 Ke5 71. Bc2 f5 72. Bxa4 f4 73. exf4+ 1-0


[Site "https://www.chess.com"]

[Event "Titled Tuesday Blitz May 03 Early 2022"]
[White "Antonio, Jorge Carlos"]
[Black "Hoffmann, Asa"]
[WhiteFideId "113190"]
[BlackFideId "2001470"]
[WhiteElo "2247"]
[BlackElo "2117"]
[Result "1-0"]
[Round "05"]
[TimeControl "180+1"]
[Date "2022.05.03"]
[WhiteClock "0:00:31"]
[BlackClock "0:00:12"]

1. e4 d6 2. d4 Nf6 3. Nc3 c6 4. f4 Qa5 5. Nf3 Nxe4 6. Bd3 Nxc3 7. bxc3 Qxc3+ 8. Bd2 Qa3 9. O-O d5 10. f5 Qd6 11. Ne5 Nd7 12. Bf4 Nxe5 13. Bxe5 Qd7 14. Qh5 b6 15. Rae1 a5 16. f6 g6 17. Bxg6 fxg6 18. f7+ Kd8 19. Qg5 Qg4 20. Qxg4 Bxg4 21. Bxh8 Bf5 22. c3 Kd7 23. Be5 e6 24. h3 h5 25. a4 b5 26. Rf2 b4 27. Rb2 Ra7 28. Rc1 Rb7 29. c4 Ke7 30. cxd5 cxd5 31. Rc8 Kxf7 32. g4 hxg4 33. hxg4 Bxg4 34. Rh2 g5 35. Rh7+ Kg6 36. Rxb7 1-0


[Site "https://www.chess.com"]

[Event "Titled Tuesday Blitz May 03 Early 2022"]
[White "Bach, Ngoc Thuy Duong"]
[Black "Nayak, Rajesh"]
[WhiteFideId "12408956"]
[BlackFideId "35017152"]
[WhiteElo "1862"]
[BlackElo "1998"]
[Result "1-0"]
[Round "05"]
[TimeControl "180+1"]
[Date "2022.05.03"]
[WhiteClock "0:00:49"]
[BlackClock "0:00:07"]

1. d4 Nf6 2. c4 g6 3. Nc3 Bg7 4. e4 d6 5. Nf3 O-O 6. Be2 e5 7. O-O Nc6 8. d5 Ne7 9. b4 Ne8 10. c5 f5 11. Nd2 Nf6 12. a4 f4 13. Ba3 g5 14. b5 g4 15. Nc4 f3 16. gxf3 gxf3 17. Bxf3 Bh3 18. cxd6 cxd6 19. Nxd6 Ng6 20. Nf5 Rf7 21. Re1 Bf8 22. Bxf8 Qxf8 23. Kh1 Nxe4 24. Bxe4 Rxf5 25. Bxf5 Qxf5 26. Rg1 Rc8 27. Rg3 Kh8 28. Qd3 Bg2+ 29. Kg1 Qxd3 30. Rxd3 Nf4 31. Rg3 Bh3 32. Re1 Rxc3 33. Rxc3 Bd7 34. Rxe5 1-0


[Site "https://www.chess.com"]

[Event "Titled Tuesday Blitz May 03 Early 2022"]
[White "Baches Garcia, Guillermo"]
[Black "Pourkashiyan, Atousa"]
[WhiteFideId "2209764"]
[BlackFideId "12502014"]
[WhiteElo "2512"]
[BlackElo "2247"]
[Result "1-0"]
[Round "05"]
[TimeControl "180+1"]
[Date "2022.05.03"]
[WhiteClock "0:00:08"]
[BlackClock "0:00:21"]

1. e4 c5 2. Nf3 e6 3. c4 a6 4. Nc3 Nc6 5. Be2 d6 6. d4 cxd4 7. Nxd4 Qc7 8. O-O Bd7 9. Be3 Nf6 10. Rc1 Nxd4 11. Qxd4 Be7 12. Rfd1 O-O 13. f4 Bc6 14. Nd5 exd5 15. cxd5 Rfe8 16. dxc6 bxc6 17. Bf3 Bf8 18. Bf2 Rab8 19. b3 c5 20. Qd3 Qe7 21. Re1 Qe6 22. Qxa6 Ra8 23. Qe2 d5 24. e5 Ne4 25. Bxe4 dxe4 26. Rc2 f5 27. exf6 Qxf6 28. Be3 h6 29. Rd1 Kh8 30. h3 Red8 31. Rcd2 Rxd2 32. Qxd2 Qf7 33. Qc2 Re8 34. Qc4 Qa7 35. a4 Qa5 36. Qf7 Rb8 37. f5 Qc3 38. Bf4 Qxb3 39. Qxb3 Rxb3 40. Rd8 Kg8 41. Bd6 Rb1+ 42. Kh2 c4 43. Rxf8+ Kh7 44. Rc8 Rd1 45. Bf4 Rf1 46. Kg3 e3 47. Bxe3 Rxf5 48. Rxc4 Rf1 49. Rf4 Ra1 50. Kf3 Ra3 51. g4 Kg6 52. h4 Rb3 53. h5+ Kh7 54. Rf7 Ra3 55. Ra7 Ra1 56. a5 Kg8 57. a6 Kf8 58. Bd4 Ra3+ 59. Ke4 Ra4 60. Kd5 Ra5+ 61. Bc5+ Kg8 62. Ra8+ Kh7 63. a7 g5 64. hxg6+ Kxg6 65. Rg8+ Kh7 66. a8=Q Rxa8 67. Rxa8 1-0


[Site "https://www.chess.com"]

[Event "Titled Tuesday Blitz May 03 Early 2022"]
[White "Balabayeva, Xeniya"]
[Black "Piliczewski, Bogusz"]
[WhiteFideId "13719688"]
[BlackFideId "1104144"]
[WhiteElo "1941"]
[BlackElo "1896"]
[Result "1-0"]
[Round "05"]
[TimeControl "180+1"]
[Date "2022.05.03"]
[WhiteClock "0:00:14"]
[BlackClock "0:00:01"]

1. e4 c6 2. Nf3 d5 3. d3 Bg4 4. Qe2 dxe4 5. dxe4 e6 6. g3 Nf6 7. Bg2 Be7 8. O-O O-O 9. h3 Bxf3 10. Bxf3 Nbd7 11. Nc3 Qc7 12. Bg2 e5 13. Be3 Rad8 14. a3 Bc5 15. Rad1 Bxe3 16. Qxe3 a6 17. b3 Rfe8 18. Rd3 Nf8 19. Rfd1 Ne6 20. Ne2 b6 21. Nc1 c5 22. Kh2 b5 23. Bf1 Rd4 24. f3 Red8 25. c3 Rxd3 26. Rxd3 Rxd3 27. Nxd3 a5 28. Nb2 Qc6 29. Qd3 b4 30. axb4 axb4 31. cxb4 cxb4 32. Qc4 Qd6 33. Nd3 Nd4 34. Kg2 g6 35. Nxb4 Qb6 36. Nd3 Qxb3 37. Qxb3 Nxb3 38. Nxe5 Nd2 39. Bd3 Ne8 40. Bc2 Nd6 41. Kf2 N2c4 42. Nxc4 Nxc4 43. Bd3 Nd6 44. Ke3 f6 45. Kd4 Kf7 46. Kd5 Ke7 47. f4 Nf7 48. Bc4 h6 49. Kc6 Nd8+ 50. Kc7 g5 51. f5 h5 52. g4 hxg4 53. hxg4 Nf7 54. Bxf7 Kxf7 55. Kd7 Kf8 56. Ke6 Kg7 57. Ke7 Kg8 58. Kxf6 Kf8 59. e5 Ke8 60. Kxg5 Kf7 61. Kf4 Ke7 62. g5 Kf7 63. g6+ Kg7 64. Kg5 Kg8 65. Kf6 Kf8 66. e6 1-0


[Site "https://www.chess.com"]

[Event "Titled Tuesday Blitz May 03 Early 2022"]
[White "Barp, Alberto"]
[Black "Saldano Dayer, Horacio"]
[WhiteFideId "872555"]
[BlackFideId "103411"]
[WhiteElo "2229"]
[BlackElo "2419"]
[Result "1-0"]
[Round "05"]
[TimeControl "180+1"]
[Date "2022.05.03"]
[WhiteClock "0:00:13"]
[BlackClock "0:00:06"]

1. d4 e6 2. Nf3 Nf6 3. Bf4 b6 4. e3 Bb7 5. Nbd2 Be7 6. h3 O-O 7. a4 a6 8. Bd3 c5 9. c3 cxd4 10. exd4 d6 11. O-O Nbd7 12. Re1 Qc7 13. Qe2 Rfe8 14. Ng5 Bf8 15. Rad1 h6 16. Nge4 e5 17. dxe5 Nxe4 18. Bxe4 dxe5 19. Be3 Bc5 20. Bxh6 gxh6 21. Bxb7 Qxb7 22. Ne4 Kf8 23. Qh5 Re6 24. Rd3 Qc6 25. Rf3 Rg6 26. Qf5 Qe6 27. Qh5 Kg7 28. Ng3 Rg5 29. Nf5+ Kh7 30. Nd4 Rxh5 31. Nxe6 fxe6 32. Rf7+ Kg6 33. Rxd7 Rf8 34. Re2 Rhf5 35. Rdd2 h5 36. Kf1 a5 37. f3 Kg5 38. Rd7 Kf4 39. Rg7 Rg5 40. Re4+ Kf5 41. Rh7 Rfg8 42. g4+ hxg4 43. hxg4+ Kf6 44. b4 axb4 45. cxb4 Bd4 46. Ke2 R5g7 47. Rh1 Rc7 48. f4 Rc2+ 49. Kd1 Ra2 50. fxe5+ Kg5 51. Rh5+ Kg6 52. Rxd4 Rxa4 53. Rf4 Rc8 54. Rf6+ Kg7 55. Rg5+ Kh7 56. Rf7+ Kh8 57. Rf2 b5 58. Rh2# 1-0


[Site "https://www.chess.com"]

[Event "Titled Tuesday Blitz May 03 Early 2022"]
[White "Bellissimo, Joseph F."]
[Black "Jakubiec, Artur"]
[WhiteFideId "2609843"]
[BlackFideId "1103261"]
[WhiteElo "2061"]
[BlackElo "2473"]
[Result "1-0"]
[Round "05"]
[TimeControl "180+1"]
[Date "2022.05.03"]
[WhiteClock "0:01:26"]
[BlackClock "0:00:33"]

1. e4 c5 2. Nf3 d6 3. d4 cxd4 4. Qxd4 Nc6 5. Bb5 Bd7 6. Bxc6 Bxc6 7. Nc3 e5 8. Qd3 h6 9. Be3 Nf6 10. h3 Be7 11. O-O-O a6 12. g4 b5 13. Rhg1 b4 14. Qc4 Qd7 15. Qxb4 d5 16. Qa5 Qb7 17. exd5 Bb5 18. Nxe5 O-O 19. Qb6 Qc8 20. d6 Bd8 21. Qd4 Nd7 22. g5 h5 23. Nd5 Re8 24. f4 Nxe5 25. fxe5 Qe6 26. Nf6+ Bxf6 27. gxf6 g6 28. Qe4 Rec8 29. Rxg6+ Kf8 30. Bh6+ Ke8 31. d7+ 1-0


[Site "https://www.chess.com"]

[Event "Titled Tuesday Blitz May 03 Early 2022"]
[White "Bluebaum, Matthias"]
[Black "Moiseenko, Alexander"]
[WhiteFideId "24651516"]
[BlackFideId "14102560"]
[WhiteElo "2550"]
[BlackElo "2577"]
[Result "1-0"]
[Round "05"]
[TimeControl "180+1"]
[Date "2022.05.03"]
[WhiteClock "0:00:27"]
[BlackClock "0:00:03"]

1. d4 Nf6 2. c4 e6 3. Nc3 Bb4 4. e3 b6 5. Nf3 Bb7 6. Bd3 O-O 7. Bd2 c5 8. a3 Bxc3 9. Bxc3 Ne4 10. Bxe4 Bxe4 11. dxc5 bxc5 12. Qd6 Nc6 13. Qxc5 Rc8 14. Qd6 f6 15. Rd1 Rf7 16. O-O Bxf3 17. gxf3 Ne5 18. Bxe5 fxe5 19. Qxe5 Rxf3 20. Rd4 Rf5 21. Qe4 Qf6 22. f4 Rf8 23. Rxd7 g5 24. Rf2 Kh8 25. Qb7 gxf4 26. Rxh7+ Kg8 27. Rg2+ Rg5 28. Rh5 Rg7 29. Rxg7+ Qxg7+ 30. Qxg7+ Kxg7 31. Rg5+ Kh6 32. Re5 fxe3 33. Rxe6+ Kg5 34. Rxe3 Rd8 35. Kf2 Kf4 36. Re2 Rd3 37. Rc2 Rf3+ 38. Kg2 Rh3 39. Kxh3 1-0


[Site "https://www.chess.com"]

[Event "Titled Tuesday Blitz May 03 Early 2022"]
[White "Bocharov, Dmitry"]
[Black "Pranav, V"]
[WhiteFideId "4138716"]
[BlackFideId "25060783"]
[WhiteElo "2541"]
[BlackElo "2349"]
[Result "1-0"]
[Round "05"]
[TimeControl "180+1"]
[Date "2022.05.03"]
[WhiteClock "0:00:14"]
[BlackClock "0:00:01"]

1. c4 e5 2. g3 Nf6 3. Bg2 c6 4. d4 e4 5. d5 Bb4+ 6. Bd2 Bxd2+ 7. Qxd2 O-O 8. Nc3 Re8 9. Nh3 d6 10. O-O c5 11. Ng5 Bf5 12. Qf4 Bg6 13. Ngxe4 Nxe4 14. Bxe4 a6 15. Bxg6 hxg6 16. a4 Re5 17. e4 Nd7 18. Qd2 Re8 19. f4 Nf6 20. Rae1 Nd7 21. Kg2 Qb6 22. Rf2 Qb3 23. Qd3 Nb6 24. e5 Qxc4 25. Qf3 Re7 26. a5 Nd7 27. Re4 Qb3 28. Rfe2 dxe5 29. fxe5 Rae8 30. Qf4 b5 31. axb6 Qxb6 32. h4 c4 33. d6 Re6 34. Nd5 Qc5 35. Nc7 Qc6 36. Qf3 Rb8 37. Nxe6 fxe6 38. Rg4 Qc5 39. Qe4 Nf8 40. Qxc4 Qa5 41. Rf4 Re8 42. Qe4 Qb5 43. Ref2 Nd7 44. Qxg6 Nxe5 45. Qe4 Nd3 46. Rf8+ Rxf8 47. Qxe6+ Kh7 48. Rxf8 Qc6+ 49. Kh2 1-0


[Site "https://www.chess.com"]

[Event "Titled Tuesday Blitz May 03 Early 2022"]
[White "Bok, Benjamin"]
[Black "Svane, Rasmus"]
[WhiteFideId "1017063"]
[BlackFideId "4657101"]
[WhiteElo "2658"]
[BlackElo "2645"]
[Result "1-0"]
[Round "05"]
[TimeControl "180+1"]
[Date "2022.05.03"]
[WhiteClock "0:00:07"]
[BlackClock "0:00:02"]

1. d4 Nf6 2. c4 e6 3. Nc3 Bb4 4. Qc2 d5 5. a3 Bxc3+ 6. Qxc3 O-O 7. Bg5 h6 8. Bxf6 Qxf6 9. Nf3 dxc4 10. Qxc4 Nc6 11. Qc3 Re8 12. Rd1 e5 13. d5 Ne7 14. Qxe5 Qb6 15. e3 Bg4 16. Qd4 Bf5 17. Qxb6 axb6 18. d6 cxd6 19. Rxd6 Rac8 20. Nd4 Rc1+ 21. Kd2 Rec8 22. Rd8+ Rxd8 23. Kxc1 Be4 24. f3 Nf5 25. Nxf5 Bxf5 26. e4 Be6 27. Be2 Rc8+ 28. Kd2 Rd8+ 29. Ke3 Rc8 30. Bd3 g5 31. Kd2 Kg7 32. Rc1 Rd8 33. Ke3 Kf6 34. g3 Rd7 35. f4 gxf4+ 36. gxf4 Bg4 37. e5+ Ke7 38. f5 Rd5 39. Be4 Rxe5 40. Kf4 f6 41. Rc7+ Kd8 42. Rxb7 Be2 43. Rxb6 Ke7 44. Rb7+ Kd8 45. Rf7 Rb5 46. b4 Rb6 47. Rh7 Ke8 48. Rxh6 Ra6 49. h4 Kf7 50. Rh7+ Kf8 51. Rc7 Rxa3 52. Rc6 Kf7 53. Rc7+ Kf8 54. Rb7 Ra4 55. Rb8+ Ke7 56. Rb7+ Kf8 57. Bd5 Bd3 58. Rf7+ Ke8 59. Rxf6 Rxb4+ 60. Kg5 Rd4 61. Be6 Bc2 62. h5 Bd1 63. Rh6 Ke7 64. Rh7+ Kd6 65. Kf6 Bc2 66. Rd7+ Kc5 67. Rxd4 Kxd4 68. h6 Bxf5 69. Bxf5 1-0


[Site "https://www.chess.com"]

[Event "Titled Tuesday Blitz May 03 Early 2022"]
[White "Bommini, Mounika Akshaya"]
[Black "Buscar, Michael"]
[WhiteFideId "25019872"]
[BlackFideId "2603616"]
[WhiteElo "1671"]
[BlackElo "2010"]
[Result "1-0"]
[Round "05"]
[TimeControl "180+1"]
[Date "2022.05.03"]
[WhiteClock "0:01:53"]
[BlackClock "0:01:04"]

1. d4 d5 2. c4 e6 3. Nc3 Nf6 4. Nf3 Be7 5. Bf4 O-O 6. e3 a6 7. c5 b6 8. cxb6 cxb6 9. Bd3 Nbd7 10. O-O Bb7 11. Rc1 Rc8 12. Qe2 b5 13. a4 b4 14. Na2 a5 15. Rxc8 Qxc8 16. Rc1 Qa8 17. Rc7 Rc8 18. Qc2 Bc6 19. Rxc8+ Qxc8 20. Bb5 Bb7 21. Qxc8+ Bxc8 22. Bc7 Ne4 23. Bxa5 b3 24. Nc1 Nd6 25. Bc6 Nc4 26. Bc7 Nxb2 27. Nxb3 Bb4 28. a5 Nc4 29. a6 Bxa6 30. Bxd7 Bf8 31. Nc5 1-0


[Site "https://www.chess.com"]

[Event "Titled Tuesday Blitz May 03 Early 2022"]
[White "Camacho Collados, Jose"]
[Black "Wagh Suyog"]
[WhiteFideId "2265427"]
[BlackFideId "25071688"]
[WhiteElo "2563"]
[BlackElo "2741"]
[Result "0-1"]
[Round "05"]
[TimeControl "180+1"]
[Date "2022.05.03"]
[WhiteClock "0:00:01"]
[BlackClock "0:00:37"]

1. d4 Nf6 2. c4 e6 3. g3 c5 4. d5 exd5 5. cxd5 d6 6. Bg2 g6 7. Nc3 Bg7 8. Nf3 O-O 9. O-O Re8 10. Re1 a6 11. a4 Ne4 12. Nxe4 Rxe4 13. Nd2 Rb4 14. Ra2 a5 15. b3 Na6 16. Nc4 b5 17. axb5 Rxb5 18. Bd2 Nb4 19. Bxb4 Rxb4 20. e4 a4 21. e5 dxe5 22. d6 Ra6 23. Bd5 axb3 24. Rxa6 Bxa6 25. Qf3 Bxc4 26. Qxf7+ Kh8 27. d7 Bxd5 28. Qe8+ Qxe8 29. dxe8=Q+ Bg8 30. Qa8 c4 31. Rd1 b2 32. Rd8 b1=Q+ 33. Kg2 h6 34. Rxg8+ Kh7 35. Re8 c3 36. f3 c2 37. Qd5 Qb3 0-1


[Site "https://www.chess.com"]